 Dungeon Crawl Stone Soup version 0.26-a0-597-gb535b0901c (webtiles) character file.

Game seed: 2272672399321021359

4418 Lanoc the Carver (level 10, -7/90 HPs)
             Began as a Pale Draconian Delver on Aug 25, 2020.
             Was an Elder of Zin.
             Mangled by a death yak (24 damage)
             ... on level 8 of the Dungeon.
             The game lasted 00:15:57 (8436 turns).

Lanoc the Carver (Pale Draconian Delver)            Turns: 8436, Time: 00:15:57

Health: -7/90      AC:  7    Str: 15    XL:     10   Next: 14%
Magic:  12/12      EV: 17    Int: 10    God:    Zin [****..]
Gold:   396        SH:  0    Dex: 16    Spells: 9/9 levels left

rFire    . . .     SeeInvis .   u - +1 scimitar (protect)
rCold    . . .     Faith    .   (no shield)
rNeg     . . .     Spirit   .   (armour unavailable)
rPois    .         Reflect  .   (helmet restricted)
rElec    .         Harm     .   (no cloak)
rCorr    .                      (no gloves)
MR       .....                  (no boots)
Stlth    +++.......             (no amulet)
HPRegen  0.25/turn              (no ring)
MPRegen  0.13/turn              (no ring)

@: brilliant
A: breathe steam, unfitting armour, cold-blooded, AC +7
a: Breathe Steam, Recite, Vitalisation, Imprison, Donate Gold, Renounce Religion


You were on level 8 of the Dungeon.
You worshipped Zin.
Zin was greatly pleased with you.
You visited 2 branches of the dungeon, and saw 8 of its levels.
You also visited: Sewer.

You collected 439 gold pieces.
You donated 43 gold pieces to Zin.

Inventory:

Hand Weapons
 u - a +1 scimitar of protection (weapon)
Missiles
 c - 32 poisoned darts (quivered)
Wands
 h - a wand of flame (20)
 k - a wand of random effects (23)
 o - a wand of paralysis (6)
 q - a wand of acid (9)
 x - a wand of digging (6)
Scrolls
 b - a scroll of fog
 e - 3 scrolls of teleportation
 g - 2 scrolls of enchant weapon
 i - 3 scrolls of identify
 m - 5 scrolls of remove curse
 s - a scroll of enchant armour {unknown}
 v - 2 scrolls of immolation {unknown}
 w - a scroll of fear
Potions
 a - a potion of resistance
 d - a potion of ambrosia
 f - a potion of flight
 j - a potion of magic
 l - 2 potions of mutation
 n - a potion of stabbing
 p - a potion of curing
 t - 2 potions of haste


   Skills:
 + Level 8.7 Fighting
 * Level 10.5 Long Blades
 + Level 6.8 Dodging
 - Level 4.5 Stealth
 * Level 2.7 Invocations


You had 9 spell levels left.
You didn't know any spells.
Your spell library contained the following spells:

 Spells                   Type           Power        Failure   Level
 Magic Dart               Conj           #...         36%         1
 Summon Small Mammal      Summ           #...         36%         1
 Call Imp                 Summ           #.......     50%         2
 Searing Ray              Conj           #.....       50%         2
 Call Canine Familiar     Summ           #.......     75%         3
 Dazzling Flash           Conj/Hex       #.....       75%         3
 Summon Guardian Golem    Hex/Summ       #.......     75%         3
 Fulminant Prism          Conj/Hex       #.........   98%         4
 Iskenderun's Mystic Bla  Conj/Tloc      #.......     98%         4
 Summon Ice Beast         Ice/Summ       #.......     98%         4
 Summon Lightning Spire   Summ/Air       #.......     98%         4


Dungeon Overview and Level Annotations

Branches:
Dungeon (8/15)             Temple (1/1) D:6            Lair (0/6) D:8
  Sewer (visited)

Altars:
Ashenzari
Cheibriados
Dithmenos
Elyvilon
Fedhas
Gozag
Hepliaklqana
Kikubaaqudgha
Makhleb
Nemelex Xobeh
Okawaru
Qazlal
Ru
Sif Muna
Trog
Uskayaw
Vehumet
Xom
Yredelemnul
Zin
The Shining One


Innate Abilities, Weirdness & Mutations

You can breathe blasts of scalding, opaque steam.
Your pale cyan-grey scales are hard. (AC +7)
You cannot fit into any form of body armour.
You are cold-blooded and may be slowed by cold attacks.


Message History

The death yak is engulfed in a cloud of scalding steam.
The death yak bellows!
The death yak is engulfed in a cloud of scalding steam.
Press: ? - help, Shift-Dir - straight line, f/p - death yak
Aim: a death yak (moderately wounded)
You exhale a blast of scalding steam.
The ball of steam misses the death yak.
The death yak is engulfed in a cloud of scalding steam.
You hit the death yak but do no damage.
Your weapon exudes an aura of protection.
The death yak is heavily wounded.
The death yak is engulfed in a cloud of scalding steam.
The death yak gores you!!
* * * LOW HITPOINT WARNING * * *
The death yak is engulfed in a cloud of scalding steam.
You have got your breath back.
There is a stone staircase leading up here.
It was a potion of brilliance.
You feel clever all of a sudden. The death yak gores you!!
You die...

#..# #..#
?)($$.#..#
[|?$.$#..#
())!$h#..#
!?FoSF#..#
hJY.$n#..######
.$...>#...@Y..#
##########.#####Y#
........)..#####§#
#######.......##§#
......<.##.##.##.#
.#########.......#
####.#### # ####
#...# . ..# #...#


You could see 2 death yaks.

Vanquished Creatures
  A death yak (D:8)
  A hippogriff (D:6)
  A wyvern (D:6)
  A porcupine (D:8)
  An orc warrior (D:6)
  2 ice beasts
  A sky beast (D:6)
  4 centaurs
  2 ogres
  2 big kobolds (D:7)
  Blork the orc (D:5)
  A bullfrog (D:7)
  A wyvern zombie (D:7)
  2 scorpions
  9 killer bees (D:7)
  2 howler monkeys (D:4)
  14 wights
  A centaur zombie (D:5)
  4 hounds
  3 orc priests
  A centaur skeleton (D:4)
  A jelly (D:7)
  3 orc wizards
  A bullfrog skeleton (D:5)
  An iron imp (D:4)
  Ijyb (D:3)
  Terence (D:3)
  3 iguanas
  A hell rat (D:8)
  3 worker ants
  2 hound skeletons
  A howler monkey zombie (D:6)
  Robin (D:3)
  7 gnolls
  8 adders
  2 white imps
  An ufetubus (D:7)
  4 oozes (Sewer)
  An adder skeleton (D:7)
  6 worms
  3 leopard geckos
  21 orcs
  7 giant cockroaches
  9 goblins (D:3)
  8 hobgoblins
  10 jackals
  17 kobolds
  3 quokkas
  2 ball pythons (Sewer)
  7 bats
  6 frilled lizards
  A giant cockroach zombie (D:6)
  A jackal skeleton (D:3)
  A leopard gecko skeleton (D:4)
  A quokka skeleton (D:4)
  A quokka zombie (D:5)
  A rat (D:2)
202 creatures vanquished.

Notes
Turn   | Place    | Note
-------+----------+-------------------------------------------
     0 | D:5      | Lanoc the Draconian Delver began the quest for the Orb.
     0 | D:5      | Reached XP level 1. HP: 19/19 MP: 1/1
    37 | D:5      | Reached XP level 2. HP: 20/27 MP: 2/2
    50 | D:5      | Reached XP level 3. HP: 26/33 MP: 3/3
    56 | D:5      | Reached skill level 3 in Long Blades
   210 | D:4      | Reached XP level 4. HP: 30/40 MP: 4/4
   475 | D:3      | HP: 1/40 [goblin/+0 dagger (5)]
   631 | D:3      | Noticed Robin
   656 | D:3      | Reached XP level 5. HP: 12/46 MP: 5/5
   670 | D:3      | Killed Robin
   670 | D:3      | Reached skill level 4 in Long Blades
   679 | D:3      | Found a glowing drain.
   878 | Sewer    | Entered a sewer
  2245 | D:2      | Reached XP level 6. HP: 32/53 MP: 6/6
  2486 | D:3      | Noticed Terence
  2509 | D:3      | Killed Terence
  2653 | D:3      | Reached skill level 5 in Long Blades
  3128 | D:3      | Reached skill level 5 in Fighting
  3491 | D:3      | Noticed Ijyb
  3504 | D:3      | Killed Ijyb
  3914 | D:4      | Your scales start taking on a pale cyan-grey colour.
  3914 | D:4      | Reached XP level 7. HP: 54/61 MP: 7/7
  4222 | D:4      | Reached skill level 6 in Long Blades
  4647 | D:4      | Found a snail-covered altar of Cheibriados.
  4708 | D:4      | Found a sparkling altar of Nemelex Xobeh.
  4833 | D:5      | Noticed Blork the orc
  4843 | D:5      | Killed Blork the orc
  5089 | D:5      | Found a shattered altar of Ashenzari.
  5283 | D:5      | Found a shimmering blue altar of Sif Muna.
  5283 | D:5      | Found a blossoming altar of Fedhas.
  5283 | D:5      | Found a snail-covered altar of Cheibriados.
  5508 | D:5      | Reached XP level 8. HP: 70/70 MP: 8/8
  5805 | D:6      | Reached skill level 7 in Long Blades
  6165 | D:6      | Found a staircase to the Ecumenical Temple.
  6196 | D:6      | Reached skill level 5 in Dodging
  6206 | Temple   | Entered the Ecumenical Temple
  6397 | Temple   | Became a worshipper of Zin the Law-Giver
  6397 | Temple   | Reached * piety under Zin
  6738 | D:6      | Noticed a hippogriff
  6755 | D:6      | Killed a hippogriff
  6755 | D:6      | Reached skill level 8 in Long Blades
  6973 | D:6      | Reached ** piety under Zin
  7101 | D:7      | Reached XP level 9. HP: 12/79 MP: 9/9
  7341 | D:7      | Reached skill level 9 in Long Blades
  7721 | D:7      | Reached *** piety under Zin
  8124 | D:8      | Noticed a meliai
  8127 | D:8      | Noticed a red ugly thing
  8128 | D:8      | Noticed a troll
  8256 | D:8      | Reached skill level 10 in Long Blades
  8334 | D:8      | Noticed a death yak
  8335 | D:8      | Found a staircase to the Lair.
  8337 | D:8      | Noticed a death yak
  8345 | D:8      | Reached skill level 1 in Invocations
  8359 | D:8      | Noticed a death yak
  8361 | D:8      | Reached **** piety under Zin
  8394 | D:8      | Killed a death yak
  8394 | D:8      | Reached XP level 10. HP: 31/90 MP: 10/12
  8436 | D:8      | Mangled by a death yak

Illustrated notes

Levels and vault maps discovered:
D:2:      layout_loops_ring, grunt_ministairs_6
D:3:      layout_basic, portal_sewer_entry_e, minmay_joined_circles,
          uniq_terence, uniq_ijyb, uniq_robin
D:4:      minmay_angry_zag, layout_gridville, lemuel_doored_altar,
          chei_slow_surprise
D:5:      layout_loops_ring, nicolae_ashenzari_panopticon,
          chequers_temple_overflow_statue_of_worship, hangedman_decor_lopped,
          minmay_misc_feat_alley, roderic_roman_lattice,
          minmay_misc_feat_plants, eino_tiny_chamber, minmay_misc_feat_columns,
          dk_noncrumbling_3, uniq_blork_the_orc
D:6:      layout_basic, minmay_temple_entry_slanted
D:7:      layout_rooms
D:8:      layout_loops_cross, overflow_temple_1_default, dpeg_lair_monsters,
          minivault_12
Temple:   lightli_temple_of_artemis

Skill      XL: |  1  2  3  4  5  6  7  8  9 |
---------------+----------------------------+-----
Dodging        | 2 3 4 5 6 |  6.8
Long Blades    | 3 4 5 6 8 10 | 10.5
Fighting       | 4 5 6 7 8 |  8.7
Invocations    | 2 |  2.7
Stealth        | |  4.5

Action                   |  1- 3 |  4- 6 |  7- 9 | 10-12 || total
-------------------------+-------+-------+-------+-------++-------
Melee: Falchion          |    20 |   331 |    45 |       ||   396
       Tailslap          |     1 |    56 |    30 |       ||    87
       Scimitar          |       |       |   129 |     1 ||   130
Throw: Dart              |       |     8 |     3 |       ||    11
Invok: Recite            |       |       |     1 |       ||     1
 Abil: Breathe Steam     |       |       |    53 |     2 ||    55
Evoke: Wand              |       |     3 |       |       ||     3
  Use: Potion            |       |     6 |     2 |     1 ||     9
       Scroll            |       |     2 |    11 |       ||    13
 Stab: Sleeping          |       |     8 |     4 |       ||    12
       Distracted        |       |     1 |       |       ||     1
Armor: Skin              |     6 |   115 |    59 |       ||   180
Dodge: Dodged            |    10 |   253 |   159 |       ||   422
       Rpst.: Falchion   |     6 |    83 |     6 |       ||    95
       Scimitar          |       |       |    32 |       ||    32

Table legend: (Time is in decaauts)
 A = Elapsed time spent in this place.
 B = Non-inter-level travel time spent in this place.
 C = Inter-level travel time spent in this place.
 D = Time resting spent in this place.
 E = Time spent auto-exploring this place.
 F = Levels seen in this place.
 G = Mean time per level.
                   A        B        C        D        E       F      G
               +--------+--------+--------+--------+--------+-----+--------+
         Total |   8592 |   8346 |    246 |   1302 |   5127 |   9 |  954.7 |
       Dungeon |   7183 |   6956 |    227 |   1026 |   4498 |   7 | 1026.1 |
        Temple |    211 |    192 |     19 |      0 |    168 |   1 |  211.0 |
         Sewer |   1197 |   1197 |      0 |    276 |    461 |   1 | 1197.0 |
               +--------+--------+--------+--------+--------+-----+--------+

Top non-repeatable levels by time:
     D:3: 1811 daAuts
   Sewer: 1197 daAuts
     D:4: 1186 daAuts
     D:5: 1150 daAuts
     D:6: 1067 daAuts
     D:7: 1061 daAuts
     D:2: 595 daAuts
     D:8: 310 daAuts
  Temple: 211 daAuts
